 Dungeon Crawl Stone Soup version 0.31-a0-931-g7b59d4eb97 (webtiles) character file.

Game seed: 14684605169106235799

4 kae the Vexing (level 1, -2/13 HPs)
             Began as a Demonspawn Enchanter on Oct 19, 2023.
             Slain by a jackal (3 damage)
             ... on level 2 of the Dungeon.
             The game lasted 00:00:33 (117 turns).

kae the Vexing (Demonspawn Enchanter)                Turns: 117, Time: 00:00:33

Health: -2/13      AC:  2    Str:  8    XL:     1   Next: 58%
Magic:  3/3        EV: 12    Int: 16    God:
Gold:   0          SH:  0    Dex: 13    Spells: 4/4 levels left

rFire   . . .        a - +1 dagger
rCold   . . .        (no shield)
rNeg    . . .        b - +0 robe
rPois   .            (no helmet)
rElec   .            (no cloak)
rCorr   .            (no gloves)
SInv    .            (no boots)
Will    .....        (no amulet)
Stlth   ++           (no ring)
HPRegen 0.22/turn    (no ring)
MPRegen 0.08/turn

%: no passive effects
@: no status effects
A: no striking features
a: no special abilities


You were on level 2 of the Dungeon.
You visited 1 branch of the dungeon, and saw 2 of its levels.


   Skills:
 * Level 1.1 Short Blades
 - Level 1.7 Dodging
 + Level 2.7 Stealth
 + Level 2.0 Spellcasting
 * Level 3.1 Hexes


You had 4 spell levels left.
You didn't know any spells.
Your spell library contained the following spells:

 Spells                   Type           Power      Damage    Failure   Level
 Ensorcelled Hibernation  Hex/Ice        12%        N/A       17%         2
 Confusing Touch          Hex            11%        N/A       17%         3
 Tukima's Dance           Hex            11%        N/A       17%         3
 Dazzling Flash           Conj/Hex       12%        N/A       32%         3

Inventory:

Hand Weapons
 a - a +1 dagger (weapon)
Armour
 b - a +0 robe (worn)
Potions
 c - 2 potions of invisibility

Dungeon Overview and Level Annotations

Branches:
Dungeon (1/15) Zot: 11883

Altars:

........# .# ........#
.# ........#########.#
..................#
..................#
..................#####.
##############..........
#.......... #..@.......
#...h.....# #.........#
####.#+#+## .# .# .# ..


You could see a jackal.


Message History

Your Short Blades skill increases to level 1! 😱 HP[+1]
You see here a +1 dagger of holy wrath.
d - a +1 dagger of holy wrath You start resting. 😕 HP[+8]
You regained 8 hp, and now have 11/13 hp.
You drop a +1 dagger of holy wrath.
A rat comes into view. 😎 HP[+2]
Your hp is fully restored (13).
A rat is nearby!
A rat is nearby!
A rat is nearby!
A rat is nearby!
The helpless rat fails to defend itself.
You puncture the rat!
You kill the rat!
No target in view!
A bat comes into view.
A malevolent force fills the Dungeon...
You fall into a shaft and drop 1 floor!
The shaft crumbles and collapses.
No target in view!
No target in view!
No target in view!
A jackal comes into view.
A jackal comes into view.
The jackal moves out of view.
A jackal is nearby!
The jackal barks!
You hear a bark! x2
A jackal comes into view.
The jackal barely misses you.
You barely miss the jackal. The jackal barely misses you.
The jackal closely misses you.
There are monsters nearby!
You hit the jackal.
The jackal bites you but does no damage.
You miss the jackal. The jackal bites you. 😕 HP[-1]
You take 1 damage, and now have 12/13 hp.
You completely miss the jackal. The jackal barely misses you. x3
The jackal bites you but does no damage.
You hit the jackal.
The jackal bites you but does no damage.
The jackal barely misses you.
The jackal bites you but does no damage. 😎 HP[+1]
Your hp is fully restored (13).
You hit the jackal.
You kill the jackal!
The jackal bites you. The jackal barely misses you.
You hit the jackal but do no damage. You punch the jackal.
The jackal closely misses you. The jackal bites you. 😕 HP[-2]
You take 2 damage, and now have 11/13 hp.
Unknown command.
You barely miss the jackal.
The jackal bites you. x3; The jackal misses you.
You are too injured to fight recklessly! 😮 HP[-4]
You take 4 damage, and now have 7/13 hp.
MASSIVE DAMAGE!! (PAUSE)
You barely miss the jackal. The jackal closely misses you.
The jackal barely misses you.
You closely miss the jackal. The jackal bites you.
* * * LOW HITPOINT WARNING * * *
The jackal bites you but does no damage. 😨 HP[-1]
You take 1 damage, and now have 6/13 hp.
You barely miss the jackal. The jackal bites you.
* * * LOW HITPOINT WARNING * * *
The jackal closely misses you. The jackal bites you.
* * * LOW HITPOINT WARNING * * *
The jackal barely misses you. 😨 HP[-2]
You take 2 damage, and now have 4/13 hp.
Unknown command.
You hit the jackal.
The jackal bites you but does no damage.
The jackal closely misses you.
You hit the jackal but do no damage. The jackal misses you.
The jackal completely misses you. The jackal bites you.
* * * LOW HITPOINT WARNING * * *
😱 HP[-2]
You take 2 damage, and now have 2/13 hp.
You barely miss the jackal. The jackal barely misses you. The jackal bites you.
* * * LOW HITPOINT WARNING * * *
The jackal barely misses you. 😱 HP[-1]
You take 1 damage, and now have 1/13 hp.
Unknown command.
You closely miss the jackal. The jackal misses you.
The jackal closely misses you.
You hit the jackal.
You kill the jackal!
The jackal bites you but does no damage.
The jackal closely misses you.
Unknown command.
You hit the jackal. The jackal bites you.
You die...

Skill      XL: |  1 |
---------------+----+-----
Short Blades   | 1 |  1.1
Dodging        | |  1.7
Stealth        | |  2.7
Spellcasting   | |  2.0
Hexes          | |  3.1

Action                     || total
---------------------------++-------
  Melee: Dagger            ||    22
         Punch             ||     1
   Stab: Sleeping          ||     1
 Armour: Robe              ||    22
  Dodge: Dodged            ||    22

Levels and vault maps discovered:
D:1:      lightli_arrival_flooded_house, layout_rooms, hangedman_decor_opposing
D:2:      layout_basic

Notes
Turn   | Place    | Note
-------+----------+-------------------------------------------
     0 | D:1      | kae the Demonspawn Enchanter began the quest for the Orb.
     0 | D:1      | Reached XP level 1. HP: 13/13 MP: 3/3
     0 | D:1      | magus.rc [v1.11.3]
    21 | D:1      | HP: 2/13 [goblin/+1 dagger of holy wrath (5)]
    23 | D:1      | Reached skill level 1 in Short Blades
    88 | D:1      | You fall into a shaft and drop 1 floor!
   113 | D:2      | HP: 2/13 [jackal (2)]
   117 | D:2      | Slain by a jackal

Vanquished Creatures
  2 jackals (D:2)
  A frilled lizard (D:1)
  A goblin (D:1)
  A rat (D:1)
5 creatures vanquished.

Table legend:
 A = Non-vault XP
 B = Vault XP
 C = Vault XP percentage of total XP
 D = Non-vault monster count
 E = Vault monster count
 F = Vault count percentage of total count
                 A         B        C        D         E       F
            +---------+---------+-------+---------+---------+-------
      Total |       7 |       0 |   0.0 |       5 |       0 |   0.0
            +---------+---------+-------+---------+---------+-------
        D:1 |       3 |       0 |   0.0 |       3 |       0 |   0.0
        D:2 |       4 |       0 |   0.0 |       2 |       0 |   0.0
            +---------+---------+-------+---------+---------+-------

Skill      XL: |  1 |
---------------+----+-----
Short Blades   | 1 |  1.1
Dodging        | |  1.7
Stealth        | |  2.7
Spellcasting   | |  2.0
Hexes          | |  3.1

Action                     || total
---------------------------++-------
  Melee: Dagger            ||    22
         Punch             ||     1
   Stab: Sleeping          ||     1
 Armour: Robe              ||    22
  Dodge: Dodged            ||    22

Illustrated notes

Table legend:
 A = Kills in this place as a percentage of kills in the entire game.
 B = Kills by you in this place as a percentage of kills by you in the entire game.
 C = Kills by friends in this place as a percentage of kills by friends in the entire game.
 D = Other kills in this place as a percentage of other kills in the entire game.
 E = Experience gained in this place as a percentage of experience gained in the entire game.
 F = Experience gained in this place divided by the number of levels of this place that you have seen.
                   A       B       C       D       E      F
               +-------+-------+-------+-------+-------+----------------------
         Total | 100.0 | 100.0 |   N/A |   N/A | 100.0 |   3.5
       Dungeon | 100.0 | 100.0 |   N/A |   N/A | 100.0 |   3.5
               +-------+-------+-------+-------+-------+----------------------

Table legend: (Time is in decaauts)
 A = Elapsed time spent in this place.
 B = Non-inter-level travel time spent in this place.
 C = Inter-level travel time spent in this place.
 D = Time resting spent in this place.
 E = Time spent auto-exploring this place.
 F = Levels seen in this place.
 G = Mean time per level.
                   A        B        C        D        E       F      G
               +--------+--------+--------+--------+--------+-----+--------+
         Total |    115 |    115 |      0 |     33 |     39 |   2 |   57.5 |
       Dungeon |    115 |    115 |      0 |     33 |     39 |   2 |   57.5 |
               +--------+--------+--------+--------+--------+-----+--------+

Top non-repeatable levels by time:
     D:1: 87 daAuts
     D:2: 27 daAuts
